 Dungeon Crawl Stone Soup version 0.23.2-33-g5129a83184 (webtiles) character file.

Game seed: 7184359512417299258

1909 troglodite the Grasshopper (level 9, -6/66 HPs)
             Began as a Gnoll Wanderer on July 6, 2019.
             Was a Priest of Dithmenos.
             Mangled by Harold
             ... wielding a +1 war axe of chopping
              (19 damage)
             ... on level 6 of the Dungeon.
             The game lasted 00:27:22 (9689 turns).

troglodite the Grasshopper (Gnoll Wanderer)         Turns: 9689, Time: 00:27:23

Health: -6/66      AC: 13    Str: 18    XL:     9   Next: 16%
Magic:  14/16      EV:  9    Int: 17    God:    Dithmenos [***...]
Gold:   474        SH:  0    Dex: 17    Spells: 13/17 levels left

rFire    . . .     SeeInvis +   p - +4 falchion
rCold    + + .     Gourm    +   (no shield)
rNeg     . . .     Faith    .   d - +3 chain mail {rC+}
rPois    .         Spirit   .   (no helmet)
rElec    .         Reflect  .   u - +0 cloak
rCorr    .         Harm     .   (no gloves)
MR       .....                  (no boots)
Stlth    ..........             j - amulet of the gourmand
HPRegen  0.21/turn              l - ring of protection from fire
MPRegen  0.15/turn              k - ring "Wenasi" {Ice *Corrode +Inv Str+5 SInv}

@: marked, hasted, wreathed by umbra, very quick
A: distributed training, fangs 1, strong nose
a: Shadow Step, Renounce Religion, Evoke Invisibility


You were on level 6 of the Dungeon.
You worshipped Dithmenos.
Dithmenos was most pleased with you.
You were not hungry.

You visited 1 branch of the dungeon, and saw 7 of its levels.
You visited the Abyss 1 time.
You also visited: Sewer.

You collected 474 gold pieces.

Inventory:

Hand Weapons
 a - a +2 falchion
 p - a +4 falchion (weapon)
Armour
 d - a +3 chain mail of cold resistance (worn)
 u - a +0 cloak (worn)
Magical Staves
 o - an uncursed staff of wizardry
Jewellery
 j - an amulet of the gourmand (around neck)
 k - the ring "Wenasi" (right hand) {Ice *Corrode +Inv Str+5 SInv}
   (You found it on level 4 of the Dungeon)

   [ring of ice]

   It enhances your ice magic.
   It affects your strength (+5).
   It makes you vulnerable to fire.
   It protects you from cold.
   It lets you see invisible.
   It lets you turn invisible.
   It may corrode you when you take damage.
 l - a ring of protection from fire (left hand)
Wands
 h - a wand of polymorph (10)
 n - a wand of clouds (4)
 v - a wand of random effects (16)
 w - a wand of paralysis (6)
Scrolls
 c - a scroll of amnesia
 g - 4 scrolls of identify
 i - 3 scrolls of remove curse
 m - a scroll of blinking {unknown}
 r - a scroll of magic mapping {unknown}
 s - 5 scrolls of teleportation {unknown}
 t - a scroll of enchant armour {unknown}
Potions
 b - 3 potions of lignification
 e - a potion of haste
 q - a potion of magic
Comestibles
 f - 10 rations


   Skills:
 + Level 4.7 Fighting
 + Level 3.9 Short Blades
 + Level 6.1 Long Blades
 + Level 3.9 Axes
 + Level 3.9 Maces & Flails
 + Level 3.9 Polearms
 + Level 3.9 Staves
 + Level 3.9 Slings
 + Level 3.9 Bows
 + Level 3.9 Crossbows
 + Level 3.9 Throwing
 + Level 3.9 Armour
 + Level 3.9 Dodging
 + Level 3.9 Stealth
 + Level 4.7 Shields
 + Level 3.9 Unarmed Combat
 + Level 4.9 Spellcasting
 + Level 3.9 Conjurations
 + Level 3.2 Hexes
 + Level 3.2 Charms
 + Level 3.2 Summonings
 + Level 3.2 Necromancy
 + Level 6.4 Translocations
 + Level 3.2 Transmutations
 + Level 3.2 Fire Magic
 + Level 3.2 Ice Magic
 + Level 3.2 Air Magic
 + Level 3.2 Earth Magic
 + Level 3.2 Poison Magic
 + Level 4.3 Invocations
 + Level 4.7 Evocations


You had 13 spell levels left.
You knew the following spells:

 Your Spells              Type           Power        Failure   Level  Hunger
a - Sting                 Conj/Pois      ###.         38%         1    None
b - Spider Form           Tmut/Pois      ###.......   82%         3    ###....

Your spell library contained the following spells:

 Spells                   Type           Power        Failure   Level  Hunger


Dungeon Overview and Level Annotations

Branches:
Dungeon (7/15)             Temple (0/1) D:5

Altars:
Cheibriados
Dithmenos
Nemelex Xobeh
Sif Muna
Yredelemnul
The Shining One

Annotations:
D:6 Harold


Innate Abilities, Weirdness & Mutations

Your experience applies equally to all skills.
You have very sharp teeth.
Your uncanny sense of smell can sniff out nearby items.


Message History

Harold is heavily wounded.
Harold points at you and mumbles some strange words.
A sentinel's mark forms upon you.
Harold points at you and mumbles some strange words.
The harpoon shot hits you!
* * * LOW HITPOINT WARNING * * *
You are yanked forward by the harpoon shot.
Unknown command.
Casting: Sting (safe; 38% risk of failure)
Confirm with . or Enter, or press ? or * to list all spells.
Aiming: Sting (safe; 38% risk of failure)
Press: ? - help, Shift-Dir - straight line, f/p - Harold
Aim: Harold, wielding a +1 war axe of chopping and wearing a +0 chain mail (heavily wounded, poisoned, umbra)
The sting hits Harold but does no damage.
Harold is heavily wounded.
Harold hits you but does no damage.
You feel yourself speed up.
You are no longer corroded.
Harold hits you with a +1 war axe of chopping!!
You die...

.##≈≈≈...≈.8.≈...≈≈≈##(#
.###≈≈≈.≈.≈.≈.≈.≈≈≈###.# .#
##≈≈≈...≈...≈≈≈####.# ##
##≈≈≈.≈.≈.≈≈≈##....# #
##≈≈≈...≈≈≈##...##### #
##≈≈...≈≈##........## #
###'''#####....#...#
#...<.###.####.#>#
#...##@@..####...#####
#####......##...(.#.#....# #
######.............###.....##.# #
......................#.#.#.#.###
...........########.........#...#
#...###....# #.....#.#.......
#....##....# #...........##.#
##.#.##....#######...........##..
#.#..)......†...##.........##...


You could see Harold.

Vanquished Creatures
  A phantom (D:5)
  4 sky beasts
  A centaur (D:6)
  2 bullfrogs (Sewer)
  A wyvern zombie (D:6)
  2 scorpions (D:6)
  4 electric eels (D:6)
  A howler monkey (D:4)
  A crimson imp (D:3)
  A bullfrog zombie (D:5)
  A centaur skeleton (D:5)
  5 hounds
  A jelly (D:6)
  A bullfrog skeleton (D:5)
  2 iguanas
  A worker ant (D:4)
  2 orc wizards (D:6)
  A worker ant zombie (D:4)
  4 gnolls
  22 adders
  2 river rats (D:4)
  13 oozes
  3 worms
  2 dart slugs
  13 leopard geckos
  7 orcs
  12 ball pythons
  10 giant cockroaches
  6 goblins
  5 hobgoblins
  6 jackals
  6 kobolds
  2 quokkas
  4 bats (D:1)
  14 frilled lizards
  2 quokka skeletons
  7 rats
172 creatures vanquished.

Notes
Turn   | Place    | Note
-------+----------+-------------------------------------------
     0 | D:1      | troglodite the Gnoll Wanderer began the quest for the Orb.
     0 | D:1      | troglodite set off with the following items: a +2 falchion,
                  | a potion of lignification, a +0 robe, a ration; and the
                  | following spell memorised: Sting; and the following spells
                  | available to memorise: Spider Form
     0 | D:1      | Reached XP level 1. HP: 17/17 MP: 4/4
   310 | D:1      | Reached XP level 2. HP: 23/23 MP: 5/5
   783 | D:1      | Reached XP level 3. HP: 19/28 MP: 0/7
  1275 | D:2      | Reached skill level 1 in Invocations
  1277 | D:2      | Found a shadowy altar of Dithmenos.
  1286 | D:2      | Reached skill level 1 in Short Blades
  1286 | D:2      | Reached skill level 1 in Axes
  1286 | D:2      | Reached skill level 1 in Maces & Flails
  1286 | D:2      | Reached skill level 1 in Polearms
  1286 | D:2      | Reached skill level 1 in Staves
  1286 | D:2      | Reached skill level 1 in Slings
  1286 | D:2      | Reached skill level 1 in Bows
  1286 | D:2      | Reached skill level 1 in Crossbows
  1286 | D:2      | Reached skill level 1 in Throwing
  1286 | D:2      | Reached skill level 1 in Armour
  1286 | D:2      | Reached skill level 1 in Dodging
  1286 | D:2      | Reached skill level 1 in Stealth
  1286 | D:2      | Reached skill level 1 in Unarmed Combat
  1286 | D:2      | Reached XP level 4. HP: 34/34 MP: 8/8
  1312 | D:2      | Became a worshipper of Dithmenos the Shadowed
  1365 | D:2      | Found a transporter.
  1383 | D:2      | Found a transporter.
  1397 | D:2      | Found a basalt altar of Yredelemnul.
  1842 | D:3      | Reached skill level 1 in Hexes
  1842 | D:3      | Reached skill level 1 in Charms
  1842 | D:3      | Reached skill level 1 in Summonings
  1842 | D:3      | Reached skill level 1 in Necromancy
  1842 | D:3      | Reached skill level 1 in Transmutations
  1842 | D:3      | Reached skill level 1 in Fire Magic
  1842 | D:3      | Reached skill level 1 in Ice Magic
  1842 | D:3      | Reached skill level 1 in Air Magic
  1842 | D:3      | Reached skill level 1 in Earth Magic
  1842 | D:3      | Reached skill level 1 in Poison Magic
  1867 | D:3      | Learned a level 3 spell: Spider Form
  1934 | D:3      | Found a glowing golden altar of the Shining One.
  1973 | D:3      | Reached XP level 5. HP: 38/40 MP: 9/9
  2581 | D:4      | Got an ancient lapis lazuli ring
  2582 | D:4      | Identified the ring "Wenasi" {Ice *Corrode +Inv Str+5 SInv}
                  | (You found it on level 4 of the Dungeon)
  2795 | D:4      | Reached XP level 6. HP: 25/47 MP: 10/10
  2869 | D:4      | Reached * piety under Dithmenos
  3028 | D:4      | Found a glowing drain.
  3036 | Sewer    | Entered a sewer
  3281 | Sewer    | Reached skill level 5 in Long Blades
  3798 | Sewer    | Reached ** piety under Dithmenos
  4418 | Sewer    | Reached XP level 7. HP: 52/52 MP: 12/12
  4816 | D:4      | Reached *** piety under Dithmenos
  5049 | D:5      | Entered Level 5 of the Dungeon
  5412 | D:5      | Found a staircase to the Ecumenical Temple.
  5500 | D:5      | Reached XP level 8. HP: 9/60 MP: 12/14
  6629 | D:6      | Cast into level 1 of the Abyss (orc wizard)
  6660 | D:6      | Escaped the Abyss
  8534 | D:6      | Reached XP level 9. HP: 22/66 MP: 8/16
  8899 | D:6      | Found a deep blue altar of Sif Muna.
  8948 | D:6      | Found a sparkling altar of Nemelex Xobeh.
  8978 | D:6      | Found a snail-covered altar of Cheibriados.
  9374 | D:7      | Noticed Harold
  9689 | D:6      | Mangled by Harold

Skill      XL: |  1  2  3  4  5  6  7  8  9 |
---------------+----------------------------+-----
Conjurations   | 2 3 |  3.9
Invocations    | 1 2 3 4 |  4.3
Short Blades   | 1 2 3 |  3.9
Axes           | 1 2 3 |  3.9
Maces & Flails | 1 2 3 |  3.9
Polearms       | 1 2 3 |  3.9
Staves         | 1 2 3 |  3.9
Slings         | 1 2 3 |  3.9
Bows           | 1 2 3 |  3.9
Crossbows      | 1 2 3 |  3.9
Throwing       | 1 2 3 |  3.9
Armour         | 1 2 3 |  3.9
Dodging        | 1 2 3 |  3.9
Stealth        | 1 2 3 |  3.9
Unarmed Combat | 1 2 3 |  3.9
Spellcasting   | 3 4 |  4.9
Hexes          | 1 2 3 |  3.2
Charms         | 1 2 3 |  3.2
Summonings     | 1 2 3 |  3.2
Necromancy     | 1 2 3 |  3.2
Transmutations | 1 2 3 |  3.2
Fire Magic     | 1 2 3 |  3.2
Ice Magic      | 1 2 3 |  3.2
Air Magic      | 1 2 3 |  3.2
Earth Magic    | 1 2 3 |  3.2
Poison Magic   | 1 2 3 |  3.2
Fighting       | 3 4 |  4.7
Shields        | 3 4 |  4.7
Evocations     | 3 4 |  4.7
Long Blades    | 5 6 |  6.1
Translocations | 6 |  6.4

Action                   |  1- 3 |  4- 6 |  7- 9 || total
-------------------------+-------+-------+-------++-------
Melee: Falchion          |    62 |   308 |   312 ||   682
       Bite              |     6 |    47 |    58 ||   111
       Punch             |     1 |       |     4 ||     5
 Cast: Sting             |       |       |    20 ||    20
  Use: Scroll            |       |     5 |     2 ||     7
       Potion            |       |     1 |     3 ||     4
 Stab: Sleeping          |     1 |     1 |       ||     2
  Eat: Chunk             |     1 |    23 |    12 ||    36
Armor: Robe              |     7 |       |       ||     7
       Ring mail         |    16 |     9 |       ||    25
       Chain mail        |       |   196 |   196 ||   392
Dodge: Dodged            |    54 |   181 |   183 ||   418
       Rpst.: Falchion   |    22 |    63 |    55 ||   140
